Selects Advanced Infantry Battlegroup
Mechanized Support Center
Selects Convert to Ranger Squad
Selects Convert to Ranger Squad
M3 75 mm Gun Motor Carriage
Construct Medical Station
M3 75 mm Gun Motor Carriage
Selects Artillery Observers
Selects Frontline Medical Station
Selects Frontline Medical Station
Designate Forward Repair Station
Frontline Medical Station
M16 Multiple Gun Motor Carriage
Selects Ranger Weapon Training
M3 75 mm Gun Motor Carriage
Selects M2A1 105mm Howitzer Emplacement
Selects 155mm Rapid Artillery Barrage
M16 Multiple Gun Motor Carriage
155mm Rapid Artillery Barrage